[Event "*** Titled Tuesday Blitz"]
[Site "Chess.com"]
[Date "2021.02.16"]
[Round "6"]
[White "QuintilianoR"]
[Black "Vasily85"]
[Result "1-0"]
[WhiteElo "2708"]
[BlackElo "2443"]
[TimeControl "180+1"]
[EndTime "11:07:47 PST"]
[Termination "QuintilianoR won by resignation"]

1. d4 Nf6 2. c4 e6 3. Nf3 Bb4+ 4. Nbd2 a5 5. g3 b6 6. Bg2 Bb7 7. O-O O-O 8. Qc2 Bxd2 9. Bxd2 Ne4 10. Ng5 Nxg5 11.
Bxb7 Ra7 12. Bg2 f6 13. e4 Nc6 14. Bc3 Qe7 15. d5 Nb4 16. Qd2 e5 17. a3 Na6 18. b4 Rfa8 19. Rad1 d6 20. Qe3 axb4 21.
axb4 Nb8 22. h4 Nf7 23. Bh3 Nd7 24. Ra1 Nf8 25. Rxa7 Rxa7 26. Ra1 Rxa1+ 27. Bxa1 Qe8 28. Qa3 Qb8 29. Qa6 g6 30. Bc3 Kg7 31. Bd2 h5 32.
Be3 Nd8 33. Kg2 Qb7 34. Qa4 Nf7 35. Qe8 Qa6 36. Be6 1-0

[Event "*** Titled Tuesday Blitz"]
[Site "Chess.com"]
[Date "2021.02.16"]
[Round "6"]
[White "Natalya_Buksa"]
[Black "ChampStan"]
[Result "0-1"]
[WhiteElo "2526"]
[BlackElo "2283"]
[TimeControl "180+1"]
[EndTime "11:07:48 PST"]
[Termination "ChampStan won on time"]

1. d4 Nf6 2. Nc3 d5 3. Bf4 g6 4. e3 Bg7 5. h4 c5 6. dxc5 Qa5 7.
Be5 Nc6 8. Bb5 Qb4 9. Ne2 Qxc5 10. h5 O-O 11. hxg6 Nxe5 12. gxh7+ Kh8 13. Nd4 Ne4 14. Nce2 Ng4 15. O-O e5 16. b4 Qb6 17. Nb3 Qxb5 18. a4 Qc6 19. f3 Nxe3 20. Qd3 Nxf1 21. fxe4 dxe4 22. Qd1 Ne3 23. Qd2 Nf5 24. Rf1 Qg6 25. c4 Nh4 26. Nc3 Bh3 0-1

[Event "*** Titled Tuesday Blitz"]
[Site "Chess.com"]
[Date "2021.02.16"]
[Round "6"]
[White "safikiet"]
[Black "anon481216"]
[Result "0-1"]
[WhiteElo "2305"]
[BlackElo "2453"]
[TimeControl "180+1"]
[EndTime "11:07:49 PST"]
[Termination "anon481216 won on time"]

1. d4 d5 2. c4 dxc4 3. e4 Nf6 4. e5 Nd5 5. Bxc4 Nb6 6. Bd3 Nc6 7. Ne2 Bg4 8. f3 Be6 9. Nbc3 Bc4 10. Bxc4 Nxc4 11.
d5 N6xe5 12. f4 Nd7 13. O-O Nd6 14. Qd4 c6 15. dxc6 bxc6 16. Kh1 Qb6 17. Qd3 e6 18.
Be3 Qb7 19. Nd4 Be7 20. f5 exf5 21. Nxf5 Nxf5 22. Qxf5 O-O 23. Rad1 Nf6 24. Bd4 Rad8 25. Qg5 h6 26. Qg3 Qxb2 0-1

[Event "*** Titled Tuesday Blitz"]
[Site "Chess.com"]
[Date "2021.02.16"]
[Round "6"]
[White "Taktikmonster"]
[Black "IMAghasiyevKamal"]
[Result "0-1"]
[WhiteElo "2352"]
[BlackElo "2529"]
[TimeControl "180+1"]
[EndTime "11:07:50 PST"]
[Termination "IMAghasiyevKamal won on time"]

1. e4 e5 2. Nf3 Nc6 3. Bc4 Bc5 4. d4 Nxd4 5. Be3 d6 6. Nxd4 exd4 7. Bxd4 Bxd4 8.
Qxd4 Qf6 9. Qxf6 Nxf6 10. Nc3 Be6 11. Bxe6 fxe6 12. O-O-O Ng4 13. Rdf1 Ke7 14. h3 Ne5 15. f4 Nc4 16. b3 Nb6 17. g4 h5 18. Rhg1 hxg4 19.
Rxg4 Kf7 20. f5 e5 21. Nb5 Rac8 22. Nxa7 Ra8 23. Nb5 Rxa2 24. Kd2 Rxh3 25. Rfg1 Rh7 26. Nxc7 Nd7 27. Ne6 Nf6 28. Rxg7+ Rxg7 29. Rxg7+ Ke8 30.
Kd3 Ra1 31. Rxb7 Rd1+ 32. Ke2 Rc1 33. Kd2 Rh1 34. Ng5 Rg1 35. Rg7 Rxg5 36. Rb7 Nxe4+ 37. Kd3 Nc5+ 0-1

[Event "*** Titled Tuesday Blitz"]
[Site "Chess.com"]
[Date "2021.02.16"]
[Round "6"]
[White "Beca95"]
[Black "GoltsevDmitry2000"]
[Result "1-0"]
[WhiteElo "2905"]
[BlackElo "2635"]
[TimeControl "180+1"]
[EndTime "11:07:51 PST"]
[Termination "Beca95 won by resignation"]

1. d4 Nf6 2. c4 e6 3. Nf3 Bb4+ 4. Nbd2 Qe7 5. a3 Bxd2+ 6. Qxd2 b6 7. b4 Bb7 8. Bb2 a5 9. b5 d6 10. e3 Ne4 11.
Qc2 Nd7 12. Nd2 f5 13. a4 Ndf6 14. f3 Ng5 15. O-O-O Nf7 16. c5 dxc5 17. dxc5 Qxc5 18.
Qxc5 bxc5 19. Nc4 O-O 20. Be2 Nd5 21. Rd2 Nd6 22. Re1 Rfd8 23. Be5 Nf7 24. Bg3 c6 25. e4 fxe4 26. fxe4 Nc3 27. Rxd8+ Rxd8 28. Nxa5 Ba8 29. Nxc6 Bxc6 30. bxc6 Nxe2+ 31. Rxe2 Rc8 32. c7 Kf8 33. Rc2 Ng5 34. Bd6+ Ke8 35. e5 Ne4 36. Rc4 Nxd6 37. exd6 Kd7 38. Rxc5 Kxd6 39. Rc2 g5 40. Kd2 h5 41.
Ke3 g4 42. g3 e5 43. Ke4 1-0

[Event "*** Titled Tuesday Blitz"]
[Site "Chess.com"]
[Date "2021.02.16"]
[Round "6"]
[White "XDPS"]
[Black "hypert"]
[Result "1-0"]
[WhiteElo "2736"]
[BlackElo "2508"]
[TimeControl "180+1"]
[EndTime "11:07:51 PST"]
[Termination "XDPS won by checkmate"]

1. e4 c5 2. Nf3 e6 3. d4 cxd4 4. Nxd4 Nc6 5. Nc3 Qc7 6. Qd3 a6 7. Nxc6 Qxc6 8. Bg5 b5 9. O-O-O Bb7 10. f4 Bc5 11. Be2 Ne7 12. Bf3 b4 13. Nd5 Rc8 14.
Rhe1 Nxd5 15. exd5 Qc7 16. d6 Qb6 17. Bxb7 Qxb7 18.
Be7 a5 19. f5 Rc6 20. Qg3 Rg8 21. Qh3 Rh8 22. Qg4 g6 23. fxe6 fxe6 24. Rf1 Be3+ 25.
Kb1 Rc5 26. Rde1 Bh6 27. Rxe6 dxe6 28. Qxe6 Qd7 29. Qf7# 1-0

[Event "*** Titled Tuesday Blitz"]
[Site "Chess.com"]
[Date "2021.02.16"]
[Round "6"]
[White "SilviusTiberius"]
[Black "Aslanov_Umid"]
[Result "1-0"]
[WhiteElo "2578"]
[BlackElo "2349"]
[TimeControl "180+1"]
[EndTime "11:07:51 PST"]
[Termination "SilviusTiberius won by resignation"]

1. e4 c5 2. Nf3 d6 3. d4 cxd4 4. Nxd4 Nf6 5. Nc3 a6 6. f3 e5 7. Nb3 Be6 8. Be3 Be7 9. Qd2 O-O 10. O-O-O b5 11. g4 Nbd7 12. h4 b4 13. Nd5 Bxd5 14.
exd5 a5 15. Kb1 Nb6 16. Bxb6 Qxb6 17. h5 a4 18. Nc1 Nd7 19. g5 Nc5 20. Nd3 b3 21. cxb3 axb3 22. a3 Rac8 23. Bh3 Rc7 24. Nb4 Na6 25. Nc6 Nb8 26. Nxe7+ Rxe7 27. g6 f5 28. Qg5 Rc7 29. h6 Qf2 30. Bxf5 Rc2 31. gxh7+ Kf7 32. Qxg7+ Ke8 33. Qxf8+ Kxf8 34. h8=Q+ Ke7 35.
Qg7+ Kd8 36. Qf8+ Kc7 37. Rc1 Qxf3 38. Qe7+ Kb6 39. Bxc2 bxc2+ 1-0

[Event "*** Titled Tuesday Blitz"]
[Site "Chess.com"]
[Date "2021.02.16"]
[Round "6"]
[White "karenzadita"]
[Black "FredyMatsuura"]
[Result "0-1"]
[WhiteElo "2376"]
[BlackElo "2302"]
[TimeControl "180+1"]
[EndTime "11:07:51 PST"]
[Termination "FredyMatsuura won on time"]

1. e4 c5 2. c3 e6 3. Nf3 d5 4.
exd5 exd5 5. d4 Nc6 6. Be2 Bd6 7. O-O Nge7 8. dxc5 Bxc5 9. b4 Bd6 10. Bg5 O-O 11.
Nbd2 f6 12. Bh4 Bf5 13. Nb3 Qd7 14. Nbd4 Be4 15. Re1 Rfe8 16. Bg3 Ne5 17. Bb5 N7c6 18. Nd2 Bg6 19. Qb3 Nxd4 20. Qxd5+ Bf7 21. Bxd7 Bxd5 22.
Bxe5 Rxe5 23. cxd4 Rxe1+ 24. Rxe1 Bxb4 25. Rd1 Bxa2 26. Nf3 Bd5 27. Rb1 a5 28. Nh4 g6 29.
g3 Rd8 30. Ba4 Be4 31. Rd1 Rc8 32. f3 Bd5 33. Kf2 Rc3 34. Re1 Kf7 35. Re8 Ra3 0-1

[Event "*** Titled Tuesday Blitz"]
[Site "Chess.com"]
[Date "2021.02.16"]
[Round "6"]
[White "lucachess49"]
[Black "zeitnot2006"]
[Result "0-1"]
[WhiteElo "2356"]
[BlackElo "2528"]
[TimeControl "180+1"]
[EndTime "11:07:52 PST"]
[Termination "zeitnot2006 won on time"]

1. d4 Nf6 2. c4 c6 3. Nc3 g6 4. e4 d6 5. f3 h5 6. Nge2 h4 7. Be3 Bg7 8. Qd2 a5 9. O-O-O Na6 10. e5 dxe5 11. dxe5 Qxd2+ 12. Rxd2 Nd7 13. e6 fxe6 14. Nf4 Kf7 15. Nh3 Bf6 16. Ne4 Ne5 17. Nhg5+ Kg7 18.
Be2 Nf7 19. Nxf7 Kxf7 20. c5 Nb4 21. Ng5+ Kg7 22. Ne4 Nxa2+ 23. Kb1 Nb4 24. Nxf6 exf6 25. Rd6 Nd5 26. Bd2 e5 27. Bc4 Bf5+ 28. Ka2 Rhd8 29.
Bxd5 cxd5 30. Rxd8 Rxd8 31. Bxa5 Rc8 32. Bb6 d4 33. Kb3 Ra8 34. Rd1 Kf7 35. Re1 g5 36.
Kc4 Bd7 37. b4 Ra2 38. b5 Rc2+ 39. Kd5 Bxb5 40. Rb1 Bc6+ 41. Kd6 Rxg2 42. Bd8 Rxh2 43. Ra1 d3 0-1

[Event "*** Titled Tuesday Blitz"]
[Site "Chess.com"]
[Date "2021.02.16"]
[Round "6"]
[White "CroissantNeuf"]
[Black "Gahan-MG"]
[Result "0-1"]
[WhiteElo "2468"]
[BlackElo "2647"]
[TimeControl "180+1"]
[EndTime "11:07:54 PST"]
[Termination "Gahan-MG won on time"]

1. e4 Nf6 2. e5 Nd5 3. d4 d6 4. c4 Nb6 5. exd6 exd6 6. Nc3 Be7 7. h3 O-O 8. Bd3 Bf6 9. Nge2 Nc6 10. Be3 d5 11. c5 Nc4 12. Bxc4 dxc4 13. d5 Nb4 14.
O-O Bf5 15. Nd4 Bd3 16. Qf3 Bxd4 17. Bxd4 Nc2 18. Be5 Qe7 19. Qg3 f6 20. Bxc7 Nxa1 21. Bd6 Qf7 22. Rxa1 Rfe8 23. b4 Qg6 24. Qxg6 hxg6 25.
b5 Red8 26. Re1 b6 27. Re7 bxc5 28. Bxc5 Bf5 29. Bxa7 Kf8 30. Bc5 Rdc8 31. Bb4 Kg8 32. b6 Rab8 33. b7 Rd8 34. d6 Rd7 35. Rxd7 Bxd7 0-1

[Event "*** Titled Tuesday Blitz"]
[Site "Chess.com"]
[Date "2021.02.16"]
[Round "6"]
[White "jd001"]
[Black "Doudou2015"]
[Result "1-0"]
[WhiteElo "2276"]
[BlackElo "2054"]
[TimeControl "180+1"]
[EndTime "11:07:55 PST"]
[Termination "jd001 won by resignation"]

1. d4 d5 2. c4 e6 3. Nc3 c6 4.
Nf3 dxc4 5. a4 Bb4 6. e3 b5 7.
Ne5 Nf6 8. axb5 cxb5 9. Qf3 Qd5 10. Be2 Bb7 11. Qg3 Bxc3+ 12. bxc3 O-O 13. O-O Ne4 14.
Qh3 Nxc3 15. Bf3 Ne4 16. Ba3 Rc8 17. Qh4 f5 18. Qe7 Nc6 19. Qxb7 Nxe5 20. Qxd5 Nxf3+ 21. gxf3 exd5 22. fxe4 fxe4 23. Bb4 c3 24. Rfc1 c2 25.
Ra2 Rc4 26. Ba5 Rac8 27. Kf1 b4 28. Rb2 R8c6 29. Ke2 Ra6 30. Bxb4 Rh6 31. Rcxc2 Rxc2+ 32. Rxc2 Rxh2 33. Bc5 h5 34. Bxa7 h4 35. Rc1 h3 36.
Bb8 Rg2 37. Rh1 g5 38. Rxh3 g4 39. Rh4 Kg7 40. Bg3 Kg6 41. Rxg4+ Kf5 42. Rf4+ Ke6 43.
Kd2 Rg1 44. Rh4 Ra1 45. Rh6+ Kf5 46. Rd6 Kg4 47. Rxd5 Ra2+ 48. Kc3 Kf3 49. Rf5+ Ke2 50.
d5 Ra3+ 51. Kd4 Rd3+ 52. Ke5 1-0

[Event "*** Titled Tuesday Blitz"]
[Site "Chess.com"]
[Date "2021.02.16"]
[Round "6"]
[White "Zurability"]
[Black "Dedic8"]
[Result "1-0"]
[WhiteElo "2626"]
[BlackElo "2818"]
[TimeControl "180+1"]
[EndTime "11:07:56 PST"]
[Termination "Zurability won by resignation"]

1. Nf3 d5 2. g3 Nd7 3. d4 Nb6 4. Bg2 Nf6 5. O-O Bf5 6. Nc3 e6 7. Nh4 Bb4 8. Nxf5 exf5 9. Qd3 Qd7 10. a3 Be7 11. a4 a5 12. f3 O-O 13. e4 dxe4 14.
fxe4 fxe4 15. Nxe4 Nxe4 16. Bxe4 g6 17. Bxb7 Rad8 18.
Bh6 Rfe8 19. Qf3 Qxd4+ 20. Kh1 f5 21. Rfe1 Bf6 22. Qb3+ Nc4 23. Rad1 Rxe1+ 24. Rxe1 Kh8 25. Bg2 Ne5 26. h3 Qf2 27. Rf1 Qe2 28. Qe6 Bg7 29. Bxg7+ Kxg7 30. Qe7+ Kh6 31. Qxd8 1-0

[Event "*** Titled Tuesday Blitz"]
[Site "Chess.com"]
[Date "2021.02.16"]
[Round "6"]
[White "lamomiablanca"]
[Black "maximnovik"]
[Result "0-1"]
[WhiteElo "2307"]
[BlackElo "2548"]
[TimeControl "180+1"]
[EndTime "11:07:56 PST"]
[Termination "maximnovik won by checkmate"]

1. e4 c6 2. d4 d5 3. Nc3 dxe4 4. Nxe4 Nf6 5. Nxf6+ exf6 6. c3 Bd6 7. Bd3 O-O 8. Ne2 Re8 9. Qc2 h5 10. O-O Qc7 11.
h3 Nd7 12. c4 Nf8 13. Be3 Bd7 14. Rfe1 b6 15. Nc3 Ne6 16. Ne4 Bf4 17. d5 Ng5 18. d6 Bxd6 19. Bxg5 fxg5 20. Nxg5 Be7 21. Bh7+ Kf8 22. Nxf7 Kxf7 23. Qg6+ Kf8 24. Qxh5 Qf4 25. Re4 Qh6 26. Qf3+ Bf6 27. Bf5 Bxf5 28. Qxf5 Rxe4 29. Qxe4 Bxb2 30. Re1 Kg8 31. Qe7 Rf8 32. Re6 Qf4 33. f3 Bd4+ 34. Kf1 Qc1+ 35. Ke2 Qxc4+ 36. Ke1 Qc1+ 37.
Ke2 Qc2+ 38. Ke1 Bc3+ 39. Kf1 Qc1+ 40. Kf2 Bd4+ 41. Kg3 Qf4# 0-1

[Event "*** Titled Tuesday Blitz"]
[Site "Chess.com"]
[Date "2021.02.16"]
[Round "6"]
[White "mary-sanna"]
[Black "Matols"]
[Result "1-0"]
[WhiteElo "2049"]
[BlackElo "2255"]
[TimeControl "180+1"]
[EndTime "11:07:56 PST"]
[Termination "mary-sanna won by resignation"]

1. d4 Nf6 2. Bf4 e6 3. e3 c5 4. c3 d5 5. Nf3 Nc6 6. Nbd2 Bd6 7. Bg3 O-O 8. Bd3 b6 9. O-O Bb7 10. Ne5 Rc8 11. h4 Bb8 12. h5 Nxe5 13. Bxe5 Bxe5 14.
dxe5 Nd7 15. f4 f6 16. exf6 Qxf6 17. Qg4 Rce8 18. e4 Rf7 19. Rae1 e5 20. exd5 Bxd5 21. fxe5 Qc6 22. Rxf7 Bxf7 23. h6 Qxh6 24. Qxd7 Qf4 25. Nf3 h5 26. Qf5 Qxf5 27. Bxf5 g6 28. Bh3 Kg7 29.
Ng5 Bd5 30. Kf2 Rf8+ 31. Nf3 g5 32. g4 hxg4 33. Bxg4 Kg6 34. e6 Kf6 35. e7 Re8 36. Bh5 Rd8 37. exd8=Q+ 1-0

[Event "*** Titled Tuesday Blitz"]
[Site "Chess.com"]
[Date "2021.02.16"]
[Round "6"]
[White "Witik"]
[Black "ZEN-22"]
[Result "1-0"]
[WhiteElo "2778"]
[BlackElo "2494"]
[TimeControl "180+1"]
[EndTime "11:07:57 PST"]
[Termination "Witik won by resignation"]

1. e4 d5 2. exd5 c6 3. d4 cxd5 4. Bd3 Nc6 5. c3 e5 6. dxe5 Nxe5 7. Bb5+ Nc6 8. Nf3 Bc5 9. O-O Nf6 10. Nbd2 O-O 11. Nb3 Bb6 12. Bg5 h6 13. Bh4 Bg4 14. h3 Bh5 15. Be2 Re8 16. Re1 Qd6 17. Nfd4 Bg6 18. Bg3 Qd7 19. Bf4 Ne4 20. Bf1 Rad8 21.
Be3 Bc7 22. g3 Ne5 23. Nd2 a6 24. Qb3 Nxd2 25. Bxd2 Nc4 26. Bxc4 dxc4 27. Qxb7 Rxe1+ 28. Rxe1 Rb8 29. Qa7 Rxb2 30. Bf4 Qxh3 31. Qxc7 Rxa2 32. Nc6 Bd3 33. Qd8+ Kh7 34. Ne7 1-0

[Event "*** Titled Tuesday Blitz"]
[Site "Chess.com"]
[Date "2021.02.16"]
[Round "6"]
[White "PotapovaM"]
[Black "Gusarov91"]
[Result "0-1"]
[WhiteElo "2582"]
[BlackElo "2432"]
[TimeControl "180+1"]
[EndTime "11:07:58 PST"]
[Termination "Gusarov91 won by resignation"]

1. d4 Nf6 2. c4 e6 3. Nf3 b6 4. g3 Bb7 5. Bg2 Bb4+ 6. Bd2 Be7 7.
O-O O-O 8. Nc3 d5 9. cxd5 Nxd5 10. Ne5 Nxc3 11. Bxc3 Bxg2 12. Kxg2 c5 13. dxc5 Bxc5 14.
Qa4 f6 15. Rfd1 Qc8 16. Qe4 Na6 17. Nd7 Re8 18. Bxf6 gxf6 19. Nxf6+ Kg7 20. Qxh7+ Kxf6 21. Rd3 Re7 22. Qh5 Kg7 23. Rf3 Qe8 24. Qe5+ Kg8 25.
Rf4 Rg7 26. Rd1 Qc6+ 27. f3 Rf8 28. Rh4 Be7 29. Rh3 Bf6 30. Qh5 Qc5 31. Qh8+ Kf7 32. Qh6 Rd8 33. Rxd8 Bxd8 34. Rh5 Qd4 35. Qh8 Bf6 36.
Rh3 Rxg3+ 0-1

[Event "*** Titled Tuesday Blitz"]
[Site "Chess.com"]
[Date "2021.02.16"]
[Round "6"]
[White "bylavochka"]
[Black "Pantata007"]
[Result "1-0"]
[WhiteElo "2094"]
[BlackElo "2264"]
[TimeControl "180+1"]
[EndTime "11:07:58 PST"]
[Termination "bylavochka won by resignation"]

1. e4 e5 2. Nc3 Nf6 3. Nge2 Nc6 4. g3 d5 5. exd5 Nxd5 6. Bg2 Nxc3 7. Nxc3 Nd4 8. O-O Bd6 9. d3 O-O 10. Ne4 Be7 11. f4 exf4 12. Bxf4 Ne6 13. Be3 c6 14.
c3 Nc7 15. Bc5 Nd5 16. Bxe7 Qxe7 17. Qf3 Be6 18. Rae1 Rad8 19. Nd2 Nf6 20. Bh3 Rfe8 21. Bxe6 fxe6 22. d4 c5 23. Nb3 c4 24. Nc5 b6 25.
Rxe6 Qf7 26. Rxe8+ Rxe8 27. Na6 Qd7 28. Nb4 h6 29.
Qc6 Qe7 30. Qxc4+ Kh8 31. Qd3 a5 32. Nc2 Qe2 33. Qxe2 Rxe2 34. Rf2 1-0

[Event "*** Titled Tuesday Blitz"]
[Site "Chess.com"]
[Date "2021.02.16"]
[Round "6"]
[White "Ave_Mariia"]
[Black "zurzan"]
[Result "1-0"]
[WhiteElo "2485"]
[BlackElo "2040"]
[TimeControl "180+1"]
[EndTime "11:08:01 PST"]
[Termination "Ave_Mariia won by checkmate"]

1. d4 d6 2. Nf3 g6 3. c4 f5 4. Nc3 Bg7 5. g3 Nf6 6. Bg2 O-O 7. O-O c6 8. b3 Na6 9. Bb2 Qc7 10. Qc2 e5 11. e4 Nb4 12. Qe2 fxe4 13. Nxe4 Nxe4 14. Qxe4 Bf5 15. Qe2 Bd3 16. Qd2 Bxf1 17. Rxf1 a5 18. a3 Na6 19. Ng5 Rae8 20. d5 Nc5 21. b4 axb4 22.
axb4 h6 23. bxc5 hxg5 24. dxc6 bxc6 25. cxd6 Qd7 26. c5 e4 27. Bxg7 Kxg7 28. Qd4+ Kh6 29. Bxe4 Qe6 30. Bxc6 Rd8 31. Bg2 Rf5 32. Rd1 Qf7 33.
c6 Rf8 34. Rd2 Ra8 35. d7 Rd8 36. c7 Qe7 37. cxd8=Q Qxd8 38. Qe4 Rf7 39. Qe8 Qf6 40. d8=Q Qa1+ 41. Rd1 Qf6 42. Qxf6 Rxf6 43. Qh8# 1-0

[Event "*** Titled Tuesday Blitz"]
[Site "Chess.com"]
[Date "2021.02.16"]
[Round "6"]
[White "Sanyura"]
[Black "oneshot007"]
[Result "0-1"]
[WhiteElo "2718"]
[BlackElo "2521"]
[TimeControl "180+1"]
[EndTime "11:08:03 PST"]
[Termination "oneshot007 won on time"]

1. e4 c5 2. Nf3 Nc6 3. d4 cxd4 4. Nxd4 Nf6 5. Nc3 e5 6. Ndb5 d6 7. Nd5 Nxd5 8. exd5 Nb8 9. a4 Be7 10. Bd2 O-O 11. a5 Nd7 12. c4 f5 13. Be2 a6 14.
Nc3 e4 15. O-O Bf6 16. f4 b6 17. Kh1 bxa5 18. Be3 Rb8 19. Ra2 Qc7 20. Bd4 Bxd4 21.
Qxd4 Rb4 22. Na4 Nf6 23. Rc1 Bd7 24. Nc3 Rfb8 25. Rca1 Rxb2 26. Rxb2 Rxb2 27. Nb5 axb5 28. Qxb2 bxc4 29. Qc3 Nxd5 30. Qxc4 Qb7 31. h3 Be6 32. Rxa5 Nxf4 33. Qa4 h6 34. Bh5 Qb2 35. Qe8+ Kh7 0-1

[Event "*** Titled Tuesday Blitz"]
[Site "Chess.com"]
[Date "2021.02.16"]
[Round "6"]
[White "KuzubovYuriy"]
[Black "Chopper1905"]
[Result "0-1"]
[WhiteElo "2834"]
[BlackElo "2948"]
[TimeControl "180+1"]
[EndTime "11:08:05 PST"]
[Termination "Chopper1905 won on time"]

1. d4 Nf6 2. Nf3 d5 3. c4 e6 4.
g3 dxc4 5. Bg2 c5 6. O-O Nc6 7. dxc5 Qxd1 8. Rxd1 Bxc5 9. Nbd2 c3 10. bxc3 O-O 11. Ne1 Be7 12. Nd3 Bd7 13. Nb3 b6 14. Bg5 Rac8 15. c4 h6 16. Bf4 Nb4 17. Be5 Ba4 18. Nb2 Bc6 19. a4 Ne4 20. a5 f6 21.
Bd4 e5 22. axb6 Nc2 23. Rxa7 Bd8 24. b7 Rb8 25. Be3 Nxe3 26. fxe3 Bb6 27. Ra6 Bxe3+ 28.
Kf1 Bxb7 29. Re6 Ba8 30. Rd3 Rxb3 0-1

[Event "*** Titled Tuesday Blitz"]
[Site "Chess.com"]
[Date "2021.02.16"]
[Round "6"]
[White "ErikBlomqvist"]
[Black "Gabrielian_Artur"]
[Result "0-1"]
[WhiteElo "2522"]
[BlackElo "2802"]
[TimeControl "180+1"]
[EndTime "11:08:05 PST"]
[Termination "Gabrielian_Artur won by checkmate"]

1. e4 e5 2. Bc4 Nf6 3. d3 Nc6 4. a3 h6 5. Nc3 g6 6. f4 Bg7 7.
Nf3 d6 8. O-O Bg4 9. h3 Bxf3 10.
Qxf3 Qe7 11. Be3 exf4 12. Qxf4 O-O-O 13. Qf2 a6 14. Nd5 Nxd5 15. Bxd5 Rhf8 16. Bxc6 bxc6 17. Bd4 f5 18. Bxg7 Qxg7 19. Qa7 fxe4 20. dxe4 Kd7 21. c3 Qe5 22. Qxa6 Qxe4 23. Rae1 Qd5 24. Qe2 Rxf1+ 25.
Rxf1 Qe6 26. Qd2 Rb8 27. b4 g5 28. a4 Re8 29. Kh1 Qc4 30. Rf3 Re2 31. Qc1 Qe4 32. Rf1 Qxg2# 0-1

[Event "*** Titled Tuesday Blitz"]
[Site "Chess.com"]
[Date "2021.02.16"]
[Round "6"]
[White "Dii210"]
[Black "dodorox"]
[Result "1-0"]
[WhiteElo "2362"]
[BlackElo "2194"]
[TimeControl "180+1"]
[EndTime "11:08:05 PST"]
[Termination "Dii210 won by resignation"]

1. e4 e6 2. d4 d5 3. Nd2 Nc6 4. Ngf3 Nf6 5. e5 Nd7 6. Bb5 f6 7. exf6 Qxf6 8. Bxc6 bxc6 9. O-O Bd6 10. Qe2 O-O 11.
Re1 Re8 12. Ne5 Bxe5 13. dxe5 Qf5 14. Nf3 c5 15. Nh4 Qf7 16. f4 g6 17. b3 a5 18. Bd2 Nb6 19. Rf1 d4 20. Qg4 Kh8 21. Rae1 Nd5 22. Rf3 Nb4 23. Rh3 Kg7 24. Nf3 Nxc2 25.
Rxh7+ Kxh7 26. Ng5+ Kg7 27. Nxf7 Kxf7 28. Rc1 Ne3 29. Qh4 Nf5 30. Qf6+ Kg8 31. Qxg6+ Ng7 32. Rxc5 Ra7 33. f5 exf5 34. Bh6 Re7 35. Bxg7 Rxg7 36. Qe8+ 1-0

[Event "*** Titled Tuesday Blitz"]
[Site "Chess.com"]
[Date "2021.02.16"]
[Round "6"]
[White "Grandelicious"]
[Black "jacky72"]
[Result "1-0"]
[WhiteElo "2891"]
[BlackElo "2697"]
[TimeControl "180+1"]
[EndTime "11:08:06 PST"]
[Termination "Grandelicious won by resignation"]

1. Nf3 Nf6 2. g3 g6 3. Bg2 Bg7 4. b3 O-O 5. Bb2 d6 6. O-O e5 7. c4 Nc6 8. Nc3 h6 9. d3 Be6 10. h3 Qd7 11. Kh2 Nh7 12. Nd5 Ne7 13. Nxe7+ Qxe7 14. b4 f5 15. Nd2 c6 16. b5 d5 17. Qa4 Rfc8 18. bxc6 bxc6 19. Ba3 Qf7 20. Rab1 e4 21. Qa6 Bc3 22. Rb7 Rc7 23. Rxc7 Qxc7 24. cxd5 Bxd5 25. dxe4 Bxa2 26. Bb2 Bxd2 27. Qxa2+ Qf7 28. Qxf7+ Kxf7 29. exf5 gxf5 30. Rd1 Rd8 31. Bxc6 Ba5 32. Rxd8 Bxd8 33. g4 fxg4 34. hxg4 Nf6 35. Kg3 a5 36. f4 Bb6 37.
Kf3 Bc5 38. e4 Ne8 39. e5 Nc7 40. f5 Bb4 41. Ke4 Bd2 42. Bd4 Bb4 43. Bb6 Na6 44. Kd5 Bd2 45. Bb5 Nb4+ 46. Ke4 Na2 47. Bc4+ Ke7 48.
Bxa2 Be1 49. f6+ Kf8 50. Bc5+ 1-0

[Event "*** Titled Tuesday Blitz"]
[Site "Chess.com"]
[Date "2021.02.16"]
[Round "6"]
[White "Spriteball"]
[Black "FontVella8"]
[Result "0-1"]
[WhiteElo "2366"]
[BlackElo "2566"]
[TimeControl "180+1"]
[EndTime "11:08:06 PST"]
[Termination "FontVella8 won by resignation"]

1. e4 e6 2. d4 d5 3. e5 c5 4. c3 Nc6 5. f4 cxd4 6. cxd4 Qb6 7.
Nf3 f6 8. Nc3 Bb4 9. Be2 fxe5 10.
fxe5 Nge7 11. O-O O-O 12. a3 Bxc3 13. bxc3 Ng6 14. Kh1 Bd7 15. a4 Na5 16. Ba3 Rfc8 17. Rb1 Qd8 18. Bb4 Nc4 19. Bxc4 Rxc4 20. Nd2 Rcc8 21. c4 dxc4 22. Ne4 Bc6 23. Nd6 Rc7 24. Qc2 Qg5 25. Qf2 h6 26. Nxc4 Nh4 27. Ne3 Be4 28.
Rbc1 Rac8 29. Rxc7 Rxc7 30. Bd6 Rc3 31. Qf7+ Kh7 32.
Be7 Bxg2+ 33. Kg1 Qxe3+ 34. Qf2 Bxf1 35. Kxf1 0-1

[Event "*** Titled Tuesday Blitz"]
[Site "Chess.com"]
[Date "2021.02.16"]
[Round "6"]
[White "eightbyeightchess"]
[Black "ajedrez1101"]
[Result "1-0"]
[WhiteElo "2386"]
[BlackElo "2117"]
[TimeControl "180+1"]
[EndTime "11:08:06 PST"]
[Termination "eightbyeightchess won on time"]

1. e4 g6 2. Nf3 Bg7 3. Bc4 d6 4.
d4 Nf6 5. Nc3 O-O 6. Bg5 Bg4 7.
h3 Bxf3 8. Qxf3 Nc6 9. Rd1 h6 10. Bf4 Nh5 11. Be3 e5 12. Ne2 exd4 13. Nxd4 Ne5 14.
Qe2 Qf6 15. O-O Nf4 16. Bxf4 Qxf4 17. Bb3 a6 18. g3 Qf6 19. f4 Nc6 20. Nxc6 bxc6 21.
c3 c5 22. Kh2 a5 23. e5 dxe5 24. fxe5 Qe7 25. Qe4 Kh7 26. Bxf7 Rxf7 27. Qxa8 Rxf1 28. Rxf1 Qxe5 29. Rf2 Qe3 30. Qf3 Qe5 31. Re2 Qd6 32.
h4 h5 33. Kg2 a4 34. Qe4 a3 35. bxa3 Bxc3 36. Qe7+ Kh6 37. Qxd6 cxd6 38. Re6 d5 39. Kf3 d4 40. Rc6 Bb2 41. Rxc5 Bxa3 42. Rd5 Bb2 43. a4 Bc3 44. Ke4 1-0

[Event "*** Titled Tuesday Blitz"]
[Site "Chess.com"]
[Date "2021.02.16"]
[Round "6"]
[White "Eloist"]
[Black "mirochka"]
[Result "1-0"]
[WhiteElo "2401"]
[BlackElo "2266"]
[TimeControl "180+1"]
[EndTime "11:08:06 PST"]
[Termination "Eloist won on time"]

1. e4 c5 2. Nf3 Nc6 3. Bb5 e6 4. Bxc6 bxc6 5. d3 Ne7 6. Qe2 Ng6 7. h4 h5 8. e5 Be7 9. Qe4 Rb8 10. Na3 Ba6 11. b3 Qa5+ 12. Kf1 c4 13. Nxc4 Qc3 14. Bb2 Qb4 15. Ba3 Qb5 16. Bxe7 Kxe7 17. g3 Qd5 18. Qe3 f6 19. Kg2 Rhf8 20. Rae1 Bxc4 21. dxc4 Qa5 22. exf6+ Rxf6 23. Nd4 Rbf8 24. Rhf1 Nxh4+ 25. gxh4 Rg6+ 26. Kh1 Qc7 27. Rg1 Rxg1+ 28. Rxg1 Rf4 29. Qg3 Ke8 30. Ne2 Rf7 31. Qxc7 1-0

[Event "*** Titled Tuesday Blitz"]
[Site "Chess.com"]
[Date "2021.02.16"]
[Round "6"]
[White "Smirnov_Pavel"]
[Black "IMRosen"]
[Result "0-1"]
[WhiteElo "2872"]
[BlackElo "2636"]
[TimeControl "180+1"]
[EndTime "11:08:07 PST"]
[Termination "IMRosen won on time"]

1. d4 d5 2. c4 e6 3. Nf3 Nf6 4.
Nc3 a6 5. e3 Be7 6. b3 O-O 7.
Bb2 b6 8. cxd5 exd5 9. Bd3 Bd6 10. Ne5 c5 11. O-O Bb7 12. Qf3 Nbd7 13. Ne2 Re8 14. Nxd7 Qxd7 15. dxc5 d4 16. Qf5 Qxf5 17. Bxf5 bxc5 18.
Rfd1 Rad8 19. Rac1 dxe3 20. f3 Nd5 21. g3 Ne7 22. Be4 Bxe4 23. fxe4 Nc6 24. Rd3 Rxe4 25. Rcd1 Be7 26. Rxd8+ Bxd8 27. Rd6 Re6 28. Rd5 Be7 29. Kf1 Nb4 30. Rd7 Nxa2 31. Nf4 Re4 32. Nd5 Bf8 33. Ke2 Nb4 34. Nc3 Re6 35. Ra7 h5 36. Ra8 f6 37. Nd1 Nd5 38. Rd8 Ne7 0-1

[Event "*** Titled Tuesday Blitz"]
[Site "Chess.com"]
[Date "2021.02.16"]
[Round "6"]
[White "fyall777"]
[Black "GM_Crest"]
[Result "0-1"]
[WhiteElo "2513"]
[BlackElo "2738"]
[TimeControl "180+1"]
[EndTime "11:08:07 PST"]
[Termination "GM_Crest won on time"]

1. d4 Nf6 2. c4 c5 3. d5 b5 4. Nc3 b4 5. Na4 d6 6. f3 Bd7 7. e4 Qa5 8. b3 Bxa4 9. bxa4 Nbd7 10. Bd2 Qb6 11. Bd3 g6 12. Ne2 Bg7 13. O-O O-O 14. Rb1 Qa6 15. Qb3 Ne5 16. Nc1 Nxd3 17. Nxd3 Nd7 18. a3 Nb6 19. Rfc1 bxa3 20. a5 Nxc4 21. Rxc4 Rab8 22. Nb4 Qxa5 23. Kh1 cxb4 24. Bxb4 a2 25. Rg1 a1=Q 26. Bxa5 Rxb3 27. Rxa1 Bxa1 28.
h4 Ra3 29. Be1 Bf6 0-1